[Event "Romanian Rapid Open 2022"]
[Site "Sebes"]
[Date "2022.12.02"]
[Round "7.19"]
[White "Nastase, Robert-Paul"]
[Black "Matasaru, Stephanie"]
[Result "1-0"]
[ECO "B98"]
[WhiteElo "2229"]
[BlackElo "1975"]
[Annotator "TA"]
[PlyCount "64"]
[EventDate "2022.12.02"]
[EventType "rapid"]
[EventCountry "ROU"]
[SourceTitle "playchess.com"]
[Source "ChessBase"]
[SourceQuality "1"]
[TimeControl "600+5"]

1. e4 c5 2. Nf3 d6 3. d4 cxd4 4. Nxd4 Nf6 5. Nc3 a6 6. Bg5 e6 7. f4 Be7 8. Qe2 (8. Qf3 $1 $14) 8... O-O {[%emt 0:00:05] B98: Sicilian Najdorf: 6 Bg5 e6 7 f4 Be7, sidelines.} 9. O-O-O Qc7 {[%emt 0:00:05] [#]} 10. f5 $146 (10. Kb1 $14) ({Predecessor:} 10. Kb1 Nc6 11. g3 h6 12. h4 Bd7 13. Nb3 Rac8 14. g4 b5 15. a3 b4 16. axb4 Nxb4 {1-0 (61) Walter,G (2452)-Bastos,P (2460) ICCF email 2016}) 10... Nc6 ({Black should try} 10... h6 $11 11. Be3 b5) 11. Qc4 (11. fxe6 $1 $14 fxe6 12. Qc4) 11... d5 12. exd5 exd5 13. Qd3 Nxd4 (13... Rd8 {simplifies} 14. Qf3 Nxd4 15. Rxd4 Qe5) 14. Qxd4 Bxf5 15. g4 (15. Bd3 $15 Be4 16. Bxf6 Bxf6 17. Nxd5 Bxd4 18. Nxc7 Bxg2 19. Nxa8 Bxh1 20. Rxh1 Rxa8 21. c3) 15... Be4 $17 ({Resist} 15... Bxg4 16. Bxf6 Bxf6 17. Qxg4 $16) 16. Nxe4 dxe4 $40 {[%emt 0:00:05][%mdl 128] Black wants a kill.} 17. Be2 (17. Bxf6 $17 {was the only chance.} Qf4+ 18. Qd2 Qxf6 19. Bg2) 17... Rac8 $19 18. c3 Bc5 $2 {[%emt 0:00:05] Against h4} (18... Qa5 $1 $19 19. h4 Qxa2) 19. Qd2 e3 20. Bxe3 (20. Qd3 $15) 20... Rfd8 (20... Ne4 $19 21. Qd3 Rfe8 22. Bxc5 Qxc5) 21. Bd3 $17 Ne4 {[%emt 0:00:05] Inhibits Bg5.} 22. Bxe4 Rxd2 23. Bxd2 b5 24. Bd5 Qe5 25. Bb3 b4 26. Kb1 Qe4+ 27. Ka1 bxc3 ({Better is} 27... Qxg4 $17 {Strongly threatening ...Be7.} 28. Rhf1 a5 29. Bxf7+ Kh8) 28. Bxc3 $11 Qxg4 29. Rhf1 Rf8 30. Rd5 {[%emt 0:00:05] Against h6} Qg2 ({Black should play} 30... Bb4 $1 $19 {[%cal Rb4c3] ...Bxc3 is the strong threat.} 31. Rdf5 Bxc3 32. Rxf7 Bxb2+ $1 33. Kxb2 Rxf7 34. Rxf7 Qd4+ 35. Kc2 Qc5+ 36. Kd3 Kh8) 31. Rdf5 $15 h6 {[%emt 0:00:05] [#]} (31... Kh8 $1 $15 {keeps the upper hand.}) 32. Bd5 {[%emt 0:00:05] Chess con chili. A strong pair of Bishops.} (32. Bc4 $1 $16) 32... Qg6 {[%emt 0:00:05][%mdl 32768] Whites escaped into a draw.   Weighted Error Value: White=0.46/Black=0.43. Loss on time!?} (32... Qxh2 $2 33. Rxf7 (33. Bxf7+ Kh8 $17) 33... Rxf7 34. Rxf7 Qg1+ 35. Rf1+ Kh7 36. Rxg1 $18) (32... Qe2 $5 ) 1-0

[Event "Romanian Rapid Open 2022"]
[Site "Sebes"]
[Date "2022.12.02"]
[Round "7.20"]
[White "Lup, Constantin-Ionel"]
[Black "Creanga, Robert-Ionut"]
[Result "0-1"]
[ECO "A20"]
[WhiteElo "1739"]
[BlackElo "2190"]
[Annotator "TA"]
[PlyCount "94"]
[EventDate "2022.12.02"]
[EventType "rapid"]
[EventCountry "ROU"]
[SourceTitle "playchess.com"]
[Source "ChessBase"]
[SourceQuality "1"]
[TimeControl "600+5"]

1. c4 e5 2. g3 Nf6 3. Bg2 c6 4. a3 d5 5. cxd5 cxd5 6. d4 {[%emt 0:00:18] A20: English Opening: 1...e5.} e4 7. Nc3 Nc6 8. Bg5 {[%emt 0:00:16] The position is equal.} Be6 9. e3 Be7 10. Nge2 h6 11. Bxf6 Bxf6 12. O-O O-O 13. Nf4 {[%emt 0:00:21] [#]} Qd7 $146 (13... Bg5 $11) ({Predecessor:} 13... Ne7 14. f3 exf3 15. Qxf3 Bg5 16. Rfe1 Bxf4 17. Qxf4 Qd7 18. e4 dxe4 19. Qxe4 Rad8 {0-1 (40) Lup,C (1739)-Pop,A (2276) Arad 2019}) 14. f3 $16 exf3 15. Qxf3 Rfe8 (15... Ne7 $16) 16. Nfxd5 Bg5 17. Rae1 Na5 18. Nf4 {[%emt 0:04:17] Pair of Knights!} Bc4 19. Rf2 Nc6 (19... Bxf4 $16 {was called for.} 20. Qxf4 Rad8) 20. Ne4 $18 Be7 (20... Bxf4 $142 21. Qxf4 Rad8) 21. Nd2 Ba6 22. Nd5 Bd6 $2 (22... Rf8 {was necessary.} 23. Ne4 Rad8) 23. b4 (23. Ne4 $142 Rxe4 24. Qxe4) 23... Nxd4 {[%emt 0:00:03] [#]} 24. Qd1 Ne2+ 25. Rfxe2 Bxe2 26. Qxe2 Be5 27. Qf3 Rac8 {[%emt 0:00:04] [#]} 28. Nf4 $4 Qxd2 $19 {[%emt 0:00:05] White is on the road to losing.} 29. Rf1 Bxf4 ({But not} 29... Rc1 $2 30. Qe4 $19) 30. exf4 (30. Qxf4 $142 Qxe3+ 31. Qxe3 Rxe3 32. Bxb7) 30... Qe3+ 31. Qxe3 Rxe3 32. Bxb7 {[%emt 0:00:02][%mdl 4096] Endgame KRR-KRB} Rc7 33. Bd5 Rxa3 34. Rb1 g6 35. b5 Rac3 {[%emt 0:00:03] ...Rc1+ is the strong threat.} 36. Bc6 Kg7 37. Kf2 $2 (37. Rb2) 37... Re7 {[%emt 0:00:01] White must now prevent ...Rc2+.} 38. Kg2 $2 (38. Rb2 {is the only way for White.}) 38... Rc2+ 39. Kh3 Ree2 40. Rh1 h5 {[%emt 0:00:01] Threatens to win with ...Rf2.} 41. Bf3 Rf2 42. Bc6 f6 43. Be4 Rce2 {[%emt 0:00:01] Black mates.} 44. Bd3 Rd2 45. Bc4 g5 46. fxg5 fxg5 47. Be6 Kh6 {[%emt 0:00:05] Weighted Error Value: White=0.84/Black=0.38} 0-1

[Event "Romanian Rapid Open 2022"]
[Site "Sebes"]
[Date "2022.12.02"]
[Round "7.21"]
[White "Stefan, Romulus-Cristian"]
[Black "Bucur, Denisa-Andreea"]
[Result "1-0"]
[ECO "A47"]
[WhiteElo "2097"]
[BlackElo "1953"]
[Annotator "TA"]
[PlyCount "84"]
[EventDate "2022.12.02"]
[EventType "rapid"]
[EventCountry "ROU"]
[SourceTitle "playchess.com"]
[Source "ChessBase"]
[SourceQuality "1"]
[TimeControl "600+5"]

1. d4 Nf6 2. Nf3 e6 3. Bg5 c5 4. e3 Be7 5. Nbd2 Nc6 6. c3 cxd4 7. exd4 O-O 8. Bd3 b6 {[%emt 0:00:15] is the legacy move (8...Nd5).} 9. O-O Bb7 10. a4 {[%emt 0:00:02] A47: 1 d4 Nf6 2 Nf3 b6: Torre, London and Colle Systems.} Nd5 11. Bxe7 Ncxe7 {[%emt 0:00:07] [#]} 12. Nc4 $146 {[%emt 0:00:30] The position is equal.} ({Predecessor:} 12. Re1 Qc7 13. Bf1 a6 14. Qb3 Rab8 15. Rac1 Nf6 16. Qa3 Ng6 17. g3 d6 18. c4 {1-0 (62) Shimanov,A (2664)-Kononenko,D (2608) Pardubice 2013}) 12... Nf4 13. Nd6 Bxf3 14. Qxf3 Nxd3 15. Qxd3 Qc7 16. Ne4 d5 17. Ng5 $40 {[%emt 0:00:11][%csl Gg5][%cal Rd3h7][%mdl 128] White is up to no good.} Ng6 18. g3 Qe7 19. h4 (19. f4 $5) 19... h6 20. Nf3 Qf6 21. Rfe1 Ne7 22. Ne5 {[%emt 0:00:08] And now Nd7 would win.} Rfd8 {[%emt 0:00:43] Against Nd7} 23. Re3 {[%emt 0:00:23] White is more active.} (23. a5 $16) 23... Qf5 (23... Nf5 $5 ) 24. Qe2 Qh3 (24... Qh7 $14) 25. Re1 (25. Rf3 $1 $16 ) 25... Nf5 $1 $14 26. Rf3 Nd6 27. g4 (27. Rf4 $14 {stays ahead.}) 27... Qxh4 $17 {[%emt 0:00:03] aiming for ...f6.} 28. Kg2 Qg5 $2 {[%emt 0:00:32] [#]} (28... Re8 $17) 29. Rh1 (29. Rxf7 $1 $16 Re8 30. Rc7 (30. Rd7 Red8 $16)) 29... Rac8 $1 $15 (29... f6 $2 30. Rh5 fxe5 31. Rxg5 $18) 30. Rh5 $1 Qe7 31. Rfh3 (31. Qd3 $15) 31... f6 $17 32. Ng6 Qf7 33. Nf4 Re8 34. Nd3 Ne4 35. f3 {[%emt 0:00:19] [#]} (35. Re3 $17) 35... Nd6 (35... Ng5 $1 $19 {is more deadly.} 36. f4 Nxh3 37. Rxh3 a5) 36. Rh1 Nc4 37. f4 Nd6 (37... Qg6 {is interesting.} 38. R1h3 Qe4+ 39. Kf2 Kf7) 38. g5 (38. Qd1 $17) 38... fxg5 $2 (38... Qg6 $19 {...Nf7 is the strong threat.} 39. Re1 Ne4) 39. fxg5 $14 Qg6 $2 ({Black should try} 39... Ne4 $14) 40. Ne5 $18 Qe4+ (40... Qh7 {might work better.} 41. g6 Qh8) 41. Qxe4 Nxe4 (41... dxe4 $142 42. gxh6 gxh6 43. Rxh6 Nf5 44. Rg6+ Ng7) 42. gxh6 {[%emt 0:00:03] Intending h7+ and mate.} Rf8 {[%emt 0:00:10] Weighted Error Value: White=0.33/Black=0.47} 1-0

[Event "Romanian Rapid Open 2022"]
[Site "Sebes"]
[Date "2022.12.02"]
[Round "7.22"]
[White "Ciolacu, Alessia-Mihaela"]
[Black "Danila, Tudor-Gabriel"]
[Result "1-0"]
[ECO "E51"]
[WhiteElo "2097"]
[BlackElo "1939"]
[Annotator "TA"]
[PlyCount "77"]
[EventDate "2022.12.02"]
[EventType "rapid"]
[EventCountry "ROU"]
[SourceTitle "playchess.com"]
[Source "ChessBase"]
[SourceQuality "1"]
[TimeControl "600+5"]

1. d4 Nf6 2. c4 e6 3. Nc3 Bb4 4. e3 O-O 5. Bd2 d5 6. Nf3 b6 7. cxd5 exd5 8. Bd3 {[%emt 0:00:12] E51: Nimzo-Indian: Rubinstein: 4...0-0 5 Nf3 d5.} Ba6 9. Bxa6 Nxa6 10. Qa4 {[%emt 0:00:16] The position is equal.} Qc8 11. Rc1 Qb7 12. O-O {[%emt 0:00:13] [#]} Rfd8 $146 ({Predecessor:} 12... Bd6 13. Rfd1 c6 14. a3 Rfc8 15. h3 Nc7 16. Ne2 Ne6 17. Bb4 c5 18. dxc5 bxc5 {1-0 (43) Le,Q (2728)-Niemann,H (2687) Miami 2022}) 13. Ne5 {[%emt 0:00:21] And now Nc6 would win.} (13. a3 {simplifies} Bxc3 14. Bxc3 Ne4 15. b4) 13... c5 14. dxc5 Bxc3 $2 (14... Bxc5 $11 {and Black stays safe.} 15. Nb5 Ne4) 15. c6 $1 $18 (15. Bxc3 $6 Nxc5 16. Qh4 Nfe4 $11) 15... Qc7 16. Bxc3 Nc5 17. Qc2 a5 18. Bd4 Nfe4 19. b3 (19. f3 $18 Ng5 20. Bxc5 bxc5 21. Qxc5 $1) 19... f6 {[%emt 0:00:49] [#]} 20. Nd3 Qxc6 21. f3 Nd6 22. Nxc5 bxc5 23. Qxc5 Qb7 24. Qc7 (24. Qb6 $18) 24... Rd7 25. Qxb7 Rxb7 26. Rc5 Rb5 27. Rfc1 (27. Rc6 $18 Nf5 28. Bc5) 27... a4 $16 28. Rc6 (28. Rxb5 $142 Nxb5 29. b4) 28... Nf5 29. Rc8+ Rxc8 30. Rxc8+ {[%emt 0:00:02][%mdl 4096] Endgame KRB-KRN} Kf7 31. bxa4 Rb4 32. Rc7+ Kg6 33. Bc5 Rxa4 ({Black should try} 33... Rb1+ $14 34. Kf2 Rb2+ 35. Kg1 Rc2) 34. g4 $18 Nh4 35. Bf8 f5 $2 (35... Nxf3+ $2 36. Kf2 f5 37. Rxg7+ Kf6 38. Kxf3 $18) (35... Kg5 36. Kf2 (36. Bxg7 Rxa2 37. h3 Nxf3+ 38. Kf1 Kh4 $17) 36... Ng6 37. Rxg7 f5 38. Be7+ Kh6) 36. Rxg7+ {[%emt 0:00:05] White is clearly winning.} (36. Bxg7 Nxf3+ 37. Kf2 fxg4 $17) 36... Kf6 37. g5+ ({Weaker is} 37. Rxh7 Nxf3+ 38. Kg2 Nd2 $14) 37... Ke6 38. Re7+ ({Not} 38. Rxh7 Nxf3+ 39. Kf1 Nxg5 $14) 38... Kd6 39. Ra7+ {[%emt 0:00:02] Weighted Error Value: White=0.11 (very precise) /Black=0.35} 1-0

[Event "Romanian Rapid Open 2022"]
[Site "Sebes"]
[Date "2022.12.02"]
[Round "7.23"]
[White "Dragomirescu, Calin"]
[Black "Filip, Andrei"]
[Result "1-0"]
[ECO "E01"]
[WhiteElo "1971"]
[BlackElo "2331"]
[Annotator "TA"]
[PlyCount "91"]
[EventDate "2022.12.02"]
[EventType "rapid"]
[EventCountry "ROU"]
[SourceTitle "playchess.com"]
[Source "ChessBase"]
[SourceQuality "1"]
[TimeControl "600+5"]

1. d4 Nf6 2. Nf3 e6 3. g3 c5 4. Bg2 cxd4 5. O-O d5 6. Nxd4 Nc6 7. c4 Bc5 8. Nb3 Be7 9. cxd5 exd5 10. Nc3 Be6 {[%emt 0:00:03] E01: Catalan: Early deviations.} 11. Nd4 O-O 12. Nxe6 fxe6 {[%emt 0:00:01] White has an edge.} 13. Bh3 Qd6 {[%emt 0:00:22] [#]} 14. e4 $146 ({Predecessor:} 14. Nb5 Qd7 15. Bf4 Bd8 16. Nd4 Re8 17. Rc1 Bb6 18. Be3 Rac8 19. Qd3 Qf7 20. Nf3 Qh5 21. Bg2 Ng4 22. Bf4 g5 {0-1 (22) Weber,S (2315)-Armas,J (2410) Berlin West 1988}) 14... d4 (14... Nxe4 15. Nxe4 dxe4 16. Qxd6 Bxd6 17. Bxe6+ Kh8 18. Be3 $16) 15. Nb5 Qe5 16. Qb3 Qxe4 {[%emt 0:00:47] [#] Black is now going downhill.} (16... Nxe4 17. Qxe6+ Qxe6 18. Bxe6+ Kh8 19. Bd5 $16) (16... Kh8 $11) 17. Nc7 $1 $18 Rab8 18. Nxe6 Na5 19. Qa4 (19. Nxf8+ $2 {loses.} Nxb3 20. axb3 Rxf8 $19) 19... Qd5 20. Nxf8 ({Not} 20. Nxd4 b5 $18) ({Weaker is} 20. Qxd4 Qxd4 21. Nxd4 Rfd8 $18) 20... Rxf8 21. Re1 Qd8 22. Bd2 Nc6 23. Qc4+ Kh8 24. Qe6 Bc5 25. Bg5 h6 26. Bxf6 Rxf6 27. Qe8+ Qxe8 28. Rxe8+ Kh7 29. Bg2 d3 30. Be4+ g6 31. Bxd3 Rxf2 {[%emt 0:00:05] [#] aiming for ...Rf8+.} 32. Kh1 Rxb2 33. Rf1 Kg7 {[%emt 0:00:08] Inhibits Rf7+.} 34. Re6 Ne7 35. Re2 {[%emt 0:00:15] Inhibits Rd2.} ({White should try} 35. Rfe1 $18) 35... Rb6 (35... Rxe2 $16 36. Bxe2 Nf5) 36. Bc4 Nf5 37. g4 {[%emt 0:00:19] Prevents h5.} Ne3 (37... Rb4 $142 38. gxf5 Rxc4 39. fxg6 Kxg6 40. Rg2+ Kh5) 38. Rf7+ Kh8 {[%emt 0:00:20] Hoping for ...Rb1+.} 39. Bb3 Rd6 40. Rxb7 {[%emt 0:00:31] Rf2 is the strong threat.} Rf6 {[%emt 0:00:02][%cal Rf6f1] Inhibits Rf2.} 41. Rf7 Rd6 (41... Rxf7 42. Bxf7 Kg7) 42. Ref2 Rd8 {[%emt 0:00:06] Prevents Rf8+.} 43. Rb7 {[%emt 0:00:16] Intending Rff7 and mate.} Nd5 44. Rff7 {[%emt 0:00:07] White wants to mate with Bxd5.} g5 45. Rh7+ (45. Bxd5 $142 Be7 46. Rfxe7 Rd7 47. Rb8+ Rd8 48. Rxd8#) 45... Kg8 46. Rhd7 {[%emt 0:00:04] Weighted Error Value: White=0.34/Black=0.78} (46. Rxh6 $142 Ba3 47. Rhh7) 1-0

[Event "Romanian Rapid Open 2022"]
[Site "Sebes"]
[Date "2022.12.02"]
[Round "7.24"]
[White "Negrean, Andrei"]
[Black "Daianu, Cristian-Clement"]
[Result "0-1"]
[ECO "A91"]
[WhiteElo "1991"]
[BlackElo "2189"]
[Annotator "TA"]
[PlyCount "152"]
[EventDate "2022.12.02"]
[EventType "rapid"]
[EventCountry "ROU"]
[SourceTitle "playchess.com"]
[Source "ChessBase"]
[SourceQuality "1"]
[TimeControl "600+5"]

1. d4 f5 2. g3 e6 3. Bg2 Nf6 4. c4 d6 5. Nc3 Be7 6. Nh3 O-O 7. O-O Nc6 {[%emt 0:00:06][%cal Bb8c6,Bc6d4,Bd4e2][%mdl 32] 7...e5 is a critical line. A91: Classical Dutch: Early Deviations.} 8. Nf4 e5 9. dxe5 (9. d5 {is interesting.} Na5 10. Ne6 Bxe6 11. dxe6 Nxc4 12. Qd3) 9... dxe5 {[%emt 0:00:02] White is slightly better.} 10. Qxd8 Bxd8 {[%emt 0:00:37] [#]} 11. Nfd5 $146 (11. Bxc6 $5 exf4 12. Bf3 $11) ({Predecessor:} 11. Bxc6 bxc6 12. Nd3 e4 13. Nc5 Be7 14. Be3 Bd6 15. Rfd1 Ng4 16. Bd4 e3 17. fxe3 {1-0 (44) Jardim,D (1967)-Tashima,V (1877) Registro 2011}) 11... Nxd5 (11... Nd4 $11 {is superior.}) 12. Nxd5 (12. Bxd5+ $14 Kh8 13. Bd2) 12... Nd4 $15 13. e3 ({White should try} 13. Nc3 $15) 13... Ne2+ $17 14. Kh1 c6 (14... Nxc1 $1 $17 15. Raxc1 c6) 15. Nc3 (15. Bd2 $1 $11 {was the only way to keep the balance.}) 15... Nxc3 {[%emt 0:00:11] Black is more active.} 16. bxc3 Ba5 17. Ba3 Rd8 18. Bb4 Bc7 19. e4 Be6 (19... f4 $17 20. Rfd1 Be6) 20. exf5 $15 Bxc4 21. Rfd1 (21. Rfe1 $15) 21... a5 (21... Rxd1+ $17 22. Rxd1 Rd8 23. Rxd8+ Bxd8) 22. Be7 Rxd1+ 23. Rxd1 Bxa2 24. Rd7 Rc8 25. Bh3 Bb6 26. f6 Re8 (26... Bxf2 $2 27. Rd2 (27. Rxb7 Bd5+ 28. Bg2 a4 $17) 27... Bd5+ 28. Rxd5 $1 cxd5 29. Be6+ Kh8 30. Bxc8 gxf6 31. Kg2 $18) (26... Ra8 $5 ) 27. f7+ (27. Rxb7 $11 Bxf2 28. Kg2) 27... Bxf7 $17 28. Rxb7 $2 (28. f3 $17) 28... Bxf2 $19 {[%emt 0:00:04] Threatens to win with ...Bd5+.} 29. Kg2 Be1 30. Bc5 Bxc3 31. Bd7 Rd8 {[%emt 0:00:05] Hoping for ...Bd5+.} 32. Bxc6 Bd5+ 33. Bxd5+ Rxd5 {[%emt 0:00:01][%mdl 4096] Endgame KRB-KRB} 34. Be3 (34. Rc7 $142) 34... Rd3 35. Bc5 Rd2+ 36. Kh3 Bd4 37. Rd7 (37. Bxd4 {is a better defense.} exd4 38. Ra7) 37... a4 38. Bb4 Rb2 39. Bd6 Rb3 (39... h5 $142 40. Re7 g5 41. Bxe5 Kf8) 40. Kg4 a3 41. Kf5 $2 (41. Rd8+ Kf7 42. Ra8) 41... Rf3+ (41... a2 $2 42. Rd8+ Kf7 43. Rf8#) 42. Ke6 h6 $2 (42... Rf6+ 43. Kd5 a2 44. Rd8+ Kf7) 43. Bxe5 Bxe5 44. Kxe5 {[%emt 0:00:02] KR-KR} Kh7 $2 (44... Rf7 $19 45. Rd2 Ra7) 45. Ra7 $11 Kg6 (45... Rf2 {simplifies} 46. Rxa3 Rxh2 47. Kf4 Rc2) 46. Ke4 Rb3 47. Kf4 $2 {[%emt 0:00:06][%mdl 8192] [#]} (47. Ra5 $11) 47... Kf6 $2 ({Black should play} 47... Kh5 $1 $19 48. Kf5 Rf3+ 49. Ke4 Rb3) 48. Ra6+ Kf7 49. Ra7+ Kg6 {[%emt 0:00:00] And now ...Kh5 would win.} 50. Ra6+ $2 {[%emt 0:00:07][%mdl 8192] Black keeps a firm grip on the game.} (50. Kg4 $15) 50... Kh5 $19 51. g4+ Kh4 52. Kf5 Rf3+ 53. Ke4 Rb3 (53... Kxg4 $2 {loses.} 54. Rg6+ Kh5 55. Rxg7 $19) 54. Kf5 $1 Rb5+ 55. Kf4 g5+ 56. Ke4 Rb4+ (56... Kxg4 $142 57. Rxa3 h5 58. h3+ Kh4) 57. Kf5 {[%emt 0:00:02] [#]} Rf4+ $1 (57... Rxg4 $2 58. Rxh6#) 58. Kg6 Rxg4 59. Rxa3 h5 60. Kh6 Rb4 61. Kg6 g4 {[%emt 0:00:06] ( -> ...Rb6+)} 62. Kf5 Rb2 63. h3 g3 {[%emt 0:00:10] Black mates.} 64. Kf4 Rf2+ ({And not} 64... Kxh3 65. Rxg3+ Kh4 66. Rd3 $11) 65. Ke3 Kxh3 66. Ra5 h4 67. Rg5 Rf7 68. Rg8 g2 69. Ke2 Kh2 70. Rh8 h3 ({Worse is} 70... g1=B 71. Rxh4+ Kg3 72. Ra4 $15) 71. Rg8 g1=Q 72. Rxg1 Kxg1 73. Ke3 h2 74. Kd4 h1=Q 75. Ke5 Qh4 76. Ke6 Re7+ {[%emt 0:00:56] Weighted Error Value: White=1.08/Black=0.76} 0-1

[Event "Romanian Rapid Open 2022"]
[Site "Sebes"]
[Date "2022.12.02"]
[Round "7.25"]
[White "Vrencian, Lehel"]
[Black "Tariceanu, Victor"]
[Result "1-0"]
[ECO "C46"]
[WhiteElo "2226"]
[BlackElo "1720"]
[Annotator "TA"]
[PlyCount "95"]
[EventDate "2022.12.02"]
[EventType "rapid"]
[EventCountry "ROU"]
[SourceTitle "playchess.com"]
[Source "ChessBase"]
[SourceQuality "1"]
[TimeControl "600+5"]

1. e4 e5 2. Nf3 d6 3. d4 exd4 4. Nxd4 g6 5. Nc3 Bg7 6. Be3 Ne7 7. Qd2 Nbc6 8. O-O-O Be6 {[%emt 0:00:08] C46: 3 Nc3: Unusual Black 3rd moves.} 9. Nxe6 fxe6 10. h4 {[%emt 0:00:10] [#]} Qd7 $146 {[%emt 0:00:02] White is slightly better.} ({Predecessor:} 10... h5 11. Be2 Ne5 12. f4 Ng4 13. Bxg4 hxg4 14. Qe2 Bxc3 15. bxc3 Qd7 16. Qxg4 Rh5 {0-1 (47) Sevdimaliyev,U (2505)-Rzayev,B (2416) Baku 2015}) 11. h5 O-O-O 12. Kb1 gxh5 13. Rxh5 Kb8 14. Be2 e5 {[%emt 0:00:08] Black is now going downhill.} (14... Qe8 $142) 15. Rdh1 $16 {[%emt 0:00:23] White is much more active.} Qe6 16. Rxh7 Rxh7 17. Rxh7 Qg6 18. Rh2 Rf8 19. Bd3 a6 20. a3 Qf7 21. Qd1 Nd4 22. Ne2 c5 (22... Ng8 {was necessary.} 23. c3 Nxe2) 23. c3 Ndc6 24. Bc2 ({Much less strong is} 24. Rh7 Qg8 $18) 24... Qe6 25. Ng3 b6 26. Rh7 Qg6 27. Qh5 {[%emt 0:00:05] [#] Qxg6 is the strong threat.} Qxh5 28. Nxh5 Bh8 29. Bb3 Ng6 30. Rh6 Nf4 31. Bxf4 ({Don't do} 31. Rxd6 Nxh5 32. Rxc6 Rf6 $18) 31... exf4 32. Rxd6 Kc7 33. Rh6 Ne5 34. Bd5 Nd3 35. f3 Ne1 36. Rc6+ Kd7 37. Rxb6 Nxg2 38. Rxa6 Rb8 $2 (38... Ne1 39. Be6+ Kc7) 39. Ra7+ $18 Kd6 {[%emt 0:00:03] [#]} 40. Rb7 (40. Nf6 $142 $1 {[%mdl 512] White threatens Rd7+ and mate.} Bxf6 41. Ra6+ Kd7 42. Rxf6) 40... Rc8 $2 (40... Rxb7 41. Bxb7 Be5) 41. a4 {[%emt 0:00:20][%cal Ba3a4,Ba4a5][%mdl 32] White is clearly winning.} Be5 42. Rb6+ Kd7 43. Rg6 Rh8 44. Rxg2 Rxh5 45. Kc2 Kc7 (45... Rh6 $142 46. a5 Rh1) 46. a5 Rh6 47. b4 Ra6 48. Kb3 {[%emt 0:00:13] Weighted Error Value: White=0.30/Black=0.52} 1-0

[Event "Romanian Rapid Open 2022"]
[Site "Sebes"]
[Date "2022.12.02"]
[Round "7.26"]
[White "Zubcu, Vlad-George"]
[Black "Stefan, Iulia-Cristiana"]
[Result "0-1"]
[ECO "B08"]
[WhiteElo "2135"]
[BlackElo "1662"]
[Annotator "TA"]
[PlyCount "134"]
[EventDate "2022.12.02"]
[EventType "rapid"]
[EventCountry "ROU"]
[SourceTitle "playchess.com"]
[Source "ChessBase"]
[SourceQuality "1"]
[TimeControl "600+5"]

1. d4 d6 2. Nf3 g6 3. e4 Nf6 4. Nc3 Bg7 5. Bg5 c6 6. Qd2 d5 {[%emt 0:00:29] 6...0-0 is the modern continuation. B08: Pirc Defence: Classical System.} 7. e5 (7. exd5 $14 cxd5 8. Bd3) 7... Ne4 $11 8. Nxe4 dxe4 {[%emt 0:00:02] Black has an edge.} 9. Ng1 f6 (9... c5 $142) 10. exf6 exf6 11. Be3 Be6 {[%emt 0:00:16] [#]} 12. Qb4 $146 ({Predecessor:} 12. h4 Nd7 13. Nh3 Nb6 14. Nf4 Qe7 15. b3 Bf7 16. c4 f5 17. Rd1 O-O 18. Be2 {½-½ (36) Zsirai,P (2308)-Csoke,K (2258) Hungary 2018}) 12... Qe7 13. Qxe7+ Kxe7 14. O-O-O Nd7 (14... Bxa2 15. b3 $16) 15. h4 f5 ({Don't do} 15... Bxa2 16. b3 $16) 16. Ne2 Nb6 ({Don't take} 16... Bxa2 17. b3 $16) 17. Nf4 Bf7 ({Don't play} 17... Bxa2 18. b3 $16) 18. Be2 Nd5 (18... Bxa2 $2 19. b3 $18) 19. Nxd5+ cxd5 20. g4 h5 (20... Be6 $5 ) 21. gxf5 gxf5 22. Kd2 Bh6 23. Bxh6 Rxh6 24. Ke3 (24. Rdg1 $14) 24... Rb6 25. Rb1 Rg8 26. b3 Rc8 27. Rbc1 Rbc6 28. Kd2 f4 {[%emt 0:00:08] Black is more active.} ({Better is} 28... Rc3 $1 $15) 29. Rhg1 f3 (29... Rc3 $5 ) 30. Bb5 Rb6 31. Bf1 Bg6 (31... Rf6 $11) 32. Bh3 Rc7 33. Rg5 Bf7 34. Re5+ Kf8 35. Rg5 Rbc6 36. Bf1 a6 37. a4 Ke7 (37... Rb6 $11 {was preferrable.}) 38. c4 (38. a5 $16) 38... dxc4 39. bxc4 Bxc4 40. d5 {[%emt 0:00:01] [#]} (40. Rxc4 $11 {remains equal.} Rxc4 41. Bxc4 Rxc4 42. Ke3) 40... Bxd5 $1 $17 41. Rxc6 Bxc6 42. Rxh5 {[%emt 0:00:17][%mdl 4096] Endgame And now Rh7+ would win. KRB-KRB} Rd7+ 43. Ke3 Kf6 44. Bxa6 $2 bxa6 $15 {[%emt 0:00:06] KRB-KR} 45. Rh6+ Ke5 46. Rh5+ Kd6 47. Rh6+ Kc5 {[%emt 0:00:01] White must now prevent ...Rd3+.} 48. h5 a5 (48... Rd3+ $142 49. Kf4 e3 50. Kg3 e2 51. Re6 Kd5 52. Re7 Kd6 53. Rg7 e1=Q 54. Kh4 Qh1+ 55. Kg5 Rd5+ 56. Kg4 Qxh5+ 57. Kg3 Rd4 58. Rd7+ Bxd7 59. a5 Qh3#) 49. Rg6 Rh7 (49... Rd3+ $142 50. Kf4 e3 51. Rg1 e2 52. h6 Rd4+ 53. Kf5 Rd1 54. h7 Rxg1 55. h8=Q e1=Q 56. Qf8+ Kc4 57. Qf7+ Kb4 58. Kf6 Qxf2 59. Qf8+ Kxa4 60. Qf7 Qd4+ 61. Kf5 Bd7+ 62. Qxd7+ Qxd7+ 63. Kf4 f2 64. Ke5 f1=Q 65. Ke4 Rg4+ 66. Ke5 Qff5#) 50. Rg5+ Kb4 51. Kd4 Kxa4 {[%emt 0:00:07] ...Rd7+ is the strong threat.} 52. Kc5 Be8 53. Rg1 Rxh5+ 54. Kc4 Bb5+ 55. Kc3 Rc5+ 56. Kd4 Rc4+ 57. Kd5 Kb3 58. Rb1+ Ka4 $2 (58... Kc3 {mates} 59. Rxb5 e3 60. fxe3 f2 61. Rb1 Kd3 62. e4 Rd4+ 63. Kc6 Rxe4 64. Rb3+ Ke2 65. Rb2+ Kf3 66. Rb3+ Kg4 67. Rb1 Re1 68. Rb8 f1=Q 69. Rg8+ Kh5 70. Rh8+ Kg6 71. Rg8+ Kf7 72. Rg5 Qc4+ 73. Rc5 Re6+ 74. Kc7 Qxc5+ 75. Kb7 Qc6+ 76. Kb8 Re8+ 77. Ka7 Ra8#) 59. Ra1+ $2 {[%emt 0:00:01][%mdl 8192] [#]} (59. Rg1 $11 e3 60. Ra1+ Kb3 61. fxe3) 59... Kb4 {[%emt 0:00:08] Black mates.} 60. Rb1+ Kc3 61. Rxb5 {[%emt 0:00:02] KR-KR} a4 62. Rb1 Rb4 63. Rc1+ Kd2 64. Rc8 Ke2 65. Rc2+ Kd3 66. Ra2 Kc3 67. Kc5 Rc4+ {[%emt 0:00:00] Weighted Error Value: White=0.82/Black=0.66} 0-1